 Dungeon Crawl Stone Soup version 0.27.1-16-g815e20cd7a (console) character file.

Game seed: 2434190997699902596

8377 toffzen the Cleaver (level 11, -5/97 HPs)
             Began as a Minotaur Brigand on Nov 23, 2021.
             Was a Believer of Makhleb.
             Killed from afar by an efreet (10 damage)
             ... with a fireball
             ... on level 10 of the Dungeon on Nov 24, 2021.
             The game lasted 00:24:06 (11604 turns).

toffzen the Cleaver (Minotaur Brigand)             Turns: 11604, Time: 00:24:06

Health: -5/97      AC: 14    Str: 19    XL:     11   Next: 9%
Magic:  0/14       EV: 10    Int:  8    God:    Makhleb [**....]
Gold:   455        SH:  7    Dex: 12    Spells: 10/10 levels left

rFire    . . .     SeeInvis .   b - +3 flail (drain)
rCold    . . .     Faith    .   r - +0 kite shield
rNeg     . . .     Spirit   +   y - +3 scale mail {rPois}
rPois    +         Reflect  .   (helmet restricted)
rElec    .         Harm     .   c - +0 cloak
rCorr    .         Rampage  .   l - +0 pair of gloves
Will     .....                  (no boots)
Stlth    +.........             C - amulet of guardian spirit
HPRegen  0.26/turn              (no ring)
MPRegen  0.14/turn              (no ring)

@: very slightly contaminated, invisible
A: horns 2, retaliatory headbutt
a: Renounce Religion, Minor Destruction


You were on level 10 of the Dungeon.
You worshipped Makhleb.
Makhleb was pleased with you.
You visited 2 branches of the dungeon, and saw 11 of its levels.

You collected 455 gold pieces.

Inventory:

Hand Weapons
 a - a +0 broad axe of pain
 b - a +3 flail of draining (weapon)
 s - a +0 war axe of flaming
Missiles
 d - 43 poisoned darts (quivered)
 e - 4 curare-tipped darts
 n - 417 stones
Armour
 c - a +0 cloak (worn)
 l - a +0 pair of gloves (worn)
 p - a +0 ring mail
 r - a +0 kite shield (worn)
 y - a +3 scale mail of poison resistance (worn)
 D - a +0 robe
Jewellery
 C - an amulet of guardian spirit (around neck)
Wands
 m - a wand of flame (39)
 q - a wand of iceblast (5)
 B - a wand of digging (3)
 F - a wand of charming (7)
Scrolls
 o - a scroll of teleportation
 z - a scroll of noise
Potions
 f - a potion of flight
 g - a potion of mutation
 i - a potion of magic
 t - a potion of brilliance {unknown}
 u - a potion of lignification
 v - a potion of haste {unknown}
 x - 4 potions of curing
 E - a potion of resistance {unknown}
 H - a potion of degeneration {unknown}
Miscellaneous
 G - a condenser vane


   Skills:
 + Level 9.3 Fighting
 - Level 2.1 Short Blades
 * Level 11.5 Axes
 - Level 2.0 Throwing
 + Level 9.0 Armour
 + Level 8.2 Dodging
 - Level 3.2 Stealth
 + Level 5.3 Invocations


You had 10 spell levels left.
You didn't know any spells.
Your spell library contained the following spells:

 Spells                   Type           Power      Damage    Failure   Level
 Foxfire                  Conj/Fire      0%         2x1d4     100%        1
 Sandblast                Erth           0%         2d4       100%        1
 Corpse Rot               Necr/Air       N/A        N/A       100%        2
 Passwall                 Tmut/Erth      0%         N/A       100%        2
 Poisonous Vapours        Pois/Air       0%         N/A       100%        2
 Static Discharge         Conj/Air       0%         N/A       100%        2
 Conjure Flame            Conj/Fire      0%         6-21      100%        3
 Inner Flame              Hex/Fire       0%         N/A       100%        3
 Freezing Cloud           Conj/Ice/Air   0%         6-21      100%        5
 Lee's Rapid Deconstruct  Erth           0%         3d5*      100%        5
 Lightning Bolt           Conj/Air       0%         1d11      100%        5
 Maxwell's Capacitive Co  Air            0%         ∞         100%        8


Dungeon Overview and Level Annotations

Branches:
Dungeon (10/15)            Temple (1/1) D:6             Orc (0/2) D:9
   Lair: D:8-11

Altars:
Ashenzari
Dithmenos
Elyvilon
Fedhas
Gozag
Hepliaklqana
Kikubaaqudgha
Makhleb
Nemelex Xobeh
Okawaru
Qazlal
Ru
Sif Muna
Trog
Uskayaw
Vehumet
Wu Jian
Xom
Yredelemnul
Zin

Shops:
D:3 (   D:5 :=   D:6 *

Annotations:
D:6 1 runed translucent door, 1 exclusion, Crazy Yiuf
D:10 exclusion: upstairs


Innate Abilities, Weirdness & Mutations

You have a pair of horns on your head.
You reflexively headbutt those who attack you in melee.


Message History

You sock the efreet!
The efreet is almost dead.
You block the efreet's attack.
You hit the efreet but do no damage.
You headbutt the efreet, but do no damage.
The efreet is almost dead.
The efreet closely misses you.
You barely miss the efreet.
The efreet is almost dead.
The efreet hits you with a +1 scimitar of flaming!
* * * LOW HITPOINT WARNING * * *
The efreet burns you.
* * * LOW HITPOINT WARNING * * *
The efreet gestures at you.
The fireball explodes!
The fireball engulfs you.
* * * LOW HITPOINT WARNING * * *
The fireball engulfs the efreet.
The efreet completely resists.
You barely miss the efreet.
The efreet is almost dead.
Your hearing returns.
The efreet hits you with a +1 scimitar of flaming.
* * * LOW HITPOINT WARNING * * *
The efreet burns you.
* * * LOW HITPOINT WARNING * * *
You completely miss the efreet.
The efreet is almost dead.
The efreet closely misses you.
You barely miss the efreet.
You headbutt the efreet, but do no damage.
The efreet is almost dead.
The efreet completely misses you.
The efreet hits you with a +1 scimitar of flaming.
* * * LOW HITPOINT WARNING * * *
The efreet burns you.
* * * LOW HITPOINT WARNING * * *
You hit the efreet but do no damage.
The efreet is almost dead.
The efreet gestures at you.
The fireball explodes!
The fireball engulfs you!
You die...

#.......#.................
#.......#.................
###'#####....#############
.............#.........#
.............#.###'###.#
.............#.+.#.#.'.#
.............#.#)#.#.#.#
....#######..#.#)'[')#...
###.#.....#..#.#@#.#.#.##p.
#.#.....#).#.+R#.#.+.# R☼.
#.#.....# .#.###+###.# #.
#.#.....# #.).......#
###.'.....+ #####.#####
....#.....# ... ....#.....#
... ....#.....# ..#..
....####### .# #.


You could see an efreet.

Vanquished Creatures
  A boulder beetle (D:8)
  2 two-headed ogres (D:10)
  Maggie (D:7)
  A gargoyle (D:10)
  A troll (D:9)
  A wyvern (D:7)
  4 yaks
  2 steam dragons
  4 vampire mosquitoes
  Edmund (D:4)
  3 water moccasins
  Duvessa (D:4)
  An orc warrior (D:10)
  2 ice beasts
  A hornet zombie (D:8)
  A sky beast (D:5)
  2 black bears
  2 ogres (D:6)
  2 necrophages
  2 centaurs
  2 kobold brigands
  4 bullfrogs
  3 wyvern zombies
  2 gnoll sergeants
  Dowan (D:4)
  A wyvern skeleton (D:6)
  4 killer bees (D:7)
  3 wights
  A howler monkey (D:10)
  7 orc priests
  A centaur skeleton (D:5)
  3 centaur zombies
  3 hounds
  5 iguanas
  2 bullfrog skeletons
  5 orc wizards
  2 howler monkey zombies
  9 gnolls
  A howler monkey skeleton (D:7)
  8 adders
  A white imp (D:7)
  An adder skeleton (D:4)
  A worm (D:2)
  A dart slug (D:2)
  19 orcs
  6 bats
  6 endoplasms
  A giant cockroach (D:1)
  12 goblins
  4 hobgoblins
  3 jackals (D:4)
  18 kobolds
  6 quokkas
  11 ball pythons
  3 frilled lizards
  5 rats
  A spectral goblin (D:1)
201 creatures vanquished.

Vanquished Creatures (others)
  A wizard (D:10)
1 creature vanquished.

Grand Total: 202 creatures vanquished

Notes
Turn   | Place    | Note
-------+----------+-------------------------------------------
     0 | D:1      | toffzen the Minotaur Brigand began the quest for the Orb.
     0 | D:1      | Reached XP level 1. HP: 18/18 MP: 0/0
   134 | D:1      | Found a faded altar of an unknown god.
   276 | D:1      | Reached skill level 1 in Armour
   380 | D:1      | Reached XP level 2. HP: 25/25 MP: 1/1
  1335 | D:2      | Reached XP level 3. HP: 27/31 MP: 2/2
  1405 | D:2      | Found an iron altar of Okawaru.
  1729 | D:2      | Noticed a black bear
  1736 | D:2      | Killed a black bear
  1737 | D:2      | Reached XP level 4. HP: 24/40 MP: 3/3
  1949 | D:2      | Reached XP level 5. HP: 46/46 MP: 4/4
  2094 | D:3      | Found Ybbeofem's Antique Weapon Boutique.
  2242 | D:3      | Reached skill level 1 in Axes
  2992 | D:4      | Reached skill level 2 in Axes
  3037 | D:4      | Reached XP level 6. HP: 53/53 MP: 5/5
  3168 | D:4      | Noticed Dowan
  3169 | D:4      | Noticed Duvessa
  3177 | D:4      | Killed Duvessa
  3178 | D:4      | Reached skill level 3 in Axes
  3191 | D:4      | Killed Dowan
  3192 | D:4      | Reached skill level 5 in Fighting
  3638 | D:4      | Noticed Edmund
  3655 | D:4      | Killed Edmund
  3656 | D:4      | Reached skill level 4 in Axes
  3656 | D:4      | Reached XP level 7. HP: 52/61 MP: 6/6
  4305 | D:5      | Entered Level 5 of the Dungeon
  4305 | D:5      | Found Woiryf's Jewellery Emporium.
  4375 | D:5      | Found Othimn's Book Shop.
  4582 | D:5      | Reached skill level 5 in Axes
  4582 | D:5      | Reached skill level 5 in Armour
  4683 | D:5      | Reached XP level 8. HP: 62/70 MP: 5/7
  4690 | D:5      | Reached skill level 5 in Dodging
  4834 | D:5      | Reached skill level 6 in Axes
  5037 | D:6      | Found Kodd's Neck Hole.
  5159 | D:6      | Found a staircase to the Ecumenical Temple.
  5181 | Temple   | Entered the Ecumenical Temple
  5393 | Temple   | Became a worshipper of Makhleb the Destroyer
  5507 | D:6      | Reached skill level 7 in Axes
  5687 | Temple   | Reached skill level 1 in Invocations
  5988 | D:6      | Reached XP level 9. HP: 77/78 MP: 7/9
  6123 | D:6      | Found a runed translucent door.
  6124 | D:6      | Noticed Crazy Yiuf
  6271 | D:6      | Found a hide-covered altar of Uskayaw.
  6624 | D:7      | Reached skill level 8 in Axes
  6970 | D:7      | Reached * piety under Makhleb
  7024 | D:7      | Noticed Maggie
  7042 | D:7      | Killed Maggie
  7327 | D:7      | Reached skill level 9 in Axes
  8067 | D:8      | Noticed a boulder beetle
  8570 | D:8      | Reached XP level 10. HP: 84/88 MP: 11/11
  8682 | D:8      | Found a bloodstained altar of Trog.
  9021 | D:8      | Reached skill level 10 in Axes
  9073 | D:8      | Killed a boulder beetle
  9570 | D:9      | Noticed a boulder beetle
  9634 | D:9      | Found a staircase to the Orcish Mines.
 10076 | D:9      | Noticed a great orb of eyes
 10076 | D:9      | a boulder beetle changed into a great orb of eyes
 10548 | D:10     | Entered Level 10 of the Dungeon
 10766 | D:10     | Noticed a gargoyle
 10776 | D:10     | Killed a gargoyle
 11022 | D:10     | Reached ** piety under Makhleb
 11197 | D:10     | Noticed a two-headed ogre
 11199 | D:10     | Noticed a two-headed ogre
 11202 | D:10     | Killed a two-headed ogre
 11203 | D:10     | Reached skill level 11 in Axes
 11203 | D:10     | Reached skill level 5 in Invocations
 11206 | D:10     | Killed a two-headed ogre
 11525 | D:10     | Reached XP level 11. HP: 87/97 MP: 13/13
 11572 | D:10     | Noticed a wizard
 11590 | D:10     | Killed a wizard
 11603 | D:10     | HP: 4/97 [efreet (2)]
 11604 | D:10     | Killed from afar by an efreet

Illustrated notes

Levels and vault maps discovered:
D:1:      lightli_arrival_noodles, layout_basic,
          dreamdust_ecumenical_altar_drowned_temple, hangedman_decor_points
D:2:      layout_basic, basic_altar
D:3:      layout_basic, serial_shops, shop
D:4:      kennysheep_goblin_castle, layout_basic, uniq_duvessa, uniq_edmund
D:5:      layout_rooms, serial_shops, nicolae_diamond_shop,
          nicolae_shop_statue_plus
D:6:      layout_basic, nicolae_uskayaw_dance_studio,
          minmay_temple_entry_statues_fountains,
          nicolae_shop_sticking_my_neck_out, uniq_crazy_yiuf_cottage
D:7:      layout_basic, uniq_maggie
D:8:      layout_basic, mainiacjoe_overflow_alcove_2
D:9:      layout_rooms, mainiacjoe_overflow_six_doors_small, marbit_many_paths,
          david_orc_3, serial_shops, nicolae_lakefront_shop
D:10:     minmay_the_grid_4x2 [minmay_the_grid_outer_diamond,
          minmay_the_grid_broken_lines, minmay_the_grid_box_x,
          minmay_the_grid_doors, minmay_the_grid_eight,
          minmay_the_grid_large_cup, minmay_the_grid_minigrid_small,
          minmay_the_grid_prize_big_room], layout_irregular_city,
          dpeg_lair_monsters
Temple:   dpeg_five_rooms_temple

Skill      XL: |  1  2  3  4  5  6  7  8  9 10 11 |
---------------+----------------------------------+-----
Armour         | 1 3 4 5 6 7 8 9 |  9.0
Fighting       | 3 4 5 6 8 9 |  9.3
Dodging        | 2 3 4 6 7 8 |  8.2
Axes           | 2 4 5 7 9 11 | 11.5
Invocations    | 1 3 5 |  5.3
Short Blades   | |  2.1
Throwing       | |  2.0
Stealth        | |  3.2

Action                   |  1- 3 |  4- 6 |  7- 9 | 10-12 || total
-------------------------+-------+-------+-------+-------++-------
Melee: Dagger            |    10 |       |       |       ||    10
       Short sword       |    49 |   147 |       |       ||   196
       Headbutt          |     4 |    23 |    54 |    38 ||   119
       Flail             |       |       |   229 |   175 ||   404
       Broad axe         |       |       |    27 |       ||    27
Throw: Dart              |       |     5 |       |       ||     5
Evoke: Wand              |       |       |       |     9 ||     9
  Use: Scroll            |       |     1 |    13 |     6 ||    20
       Potion            |       |       |     2 |     7 ||     9
 Stab: Sleeping          |     5 |     3 |       |       ||     8
       Invisible         |       |       |       |     1 ||     1
Armor: Robe              |     7 |       |       |       ||     7
       Ring mail         |     8 |    32 |       |       ||    40
       Scale mail        |       |    17 |   159 |    87 ||   263
       Skin              |       |       |       |     3 ||     3
Dodge: Dodged            |    35 |    82 |   155 |    86 ||   358
Block: Kite shield       |       |       |    76 |    80 ||   156
